 Dungeon Crawl Stone Soup version 0.25.0-10-g039870ee82 (webtiles) character file.

Game seed: 11278209943371641083

233 MisterFreud the Chiller (level 6, -4/42 HPs)
             Began as an Octopode Ice Elementalist on June 22, 2020.
             Killed from afar by an orc wizard (9 damage)
             ... with a magic dart
             ... on level 5 of the Dungeon.
             The game lasted 00:06:29 (4371 turns).

MisterFreud the Chiller (Octopode Ice Elementalist) Turns: 4371, Time: 00:06:29

Health: -4/42      AC:  1    Str:  7    XL:     6   Next: 5%
Magic:  5/11       EV: 13    Int: 20    God:
Gold:   232        SH:  0    Dex: 12    Spells: 8/12 levels left

rFire    . . .     SeeInvis .   (no weapon)
rCold    + . .     Gourm    .   (no shield)
rNeg     . . .     Faith    .   (helmet restricted)
rPois    .         Spirit   .   (no amulet)
rElec    .         Reflect  .   (no ring)
rCorr    .         Harm     .   u - ring of protection from cold
MR       .....                  (no ring)
Stlth    +++.......             (no ring)
HPRegen  0.14/turn              (no ring)
MPRegen  0.12/turn              (no ring)
                                (no ring)
                                (no ring)

@: frozen ramparts
A: almost no armour, stealthy swim, amphibious, 8 rings, constrict 8, camouflage
1, gelatinous body 1
a: no special abilities


You were on level 5 of the Dungeon.
You were very hungry.

You visited 1 branch of the dungeon, and saw 5 of its levels.

You collected 232 gold pieces.

Inventory:

Missiles
 e - 26 poisoned darts (quivered)
 j - 6 javelins
 l - 12 boomerangs
Jewellery
 u - a ring of protection from cold (right tentacle)
Wands
 i - a wand of iceblast (6)
 p - a wand of acid (11)
 r - a wand of random effects (25)
Scrolls
 c - a scroll of teleportation
 d - 2 scrolls of fear {unknown}
 f - a scroll of enchant weapon
 g - a scroll of remove curse
 h - a scroll of fog
 k - a scroll of noise {unknown}
 q - a scroll of magic mapping {unknown}
 s - a scroll of amnesia {unknown}
Potions
 a - a potion of degeneration {unknown}
 m - a potion of mutation
 n - a potion of curing
 o - a potion of cancellation
Comestibles
 b - 6 rations


   Skills:
 - Level 3.0 Fighting
 - Level 2.0 Dodging
 - Level 2.6 Stealth
 + Level 3.6 Spellcasting
 + Level 5.2 Ice Magic


You had 8 spell levels left.
You knew the following spells:

 Your Spells              Type           Power        Failure   Level  Hunger
a - Freeze                Ice            ###.         1%          1    None
b - Frozen Ramparts       Ice            ###...       4%          3    ###....

Your spell library contained the following spells:

 Spells                   Type           Power        Failure   Level  Hunger
 Ozocubu's Armour         Chrm/Ice       ##......     14%         3    ###....
 Hailstorm                Conj/Ice       ##......     41%         4    ####...
 Summon Ice Beast         Ice/Summ       ##......     41%         4    ####...


Dungeon Overview and Level Annotations

Branches:
Dungeon (5/15)
 Temple: D:4-7

Altars:


Innate Abilities, Weirdness & Mutations

You cannot wear most types of armour.
You are very stealthy in the water. (Stealth+)
You are amphibious.
You can wear up to eight rings at the same time.
You can use your tentacles to constrict eight enemies at once.
Your skin changes colour to match your surroundings (Stealth+).
Your rubbery body absorbs attacks. (AC +1, EV +1)


Message History

The orc priest invokes the aid of Beogh against you.
Beogh smites you!
* * * LOW HITPOINT WARNING * * *
Casting: Frozen Ramparts (dangerous; 5% risk of failure)
Confirm with . or Enter, or press ? or * to list all spells.
The walls around you are covered in ice.
You are feeling very hungry.
The wall freezes the orc priest.
There are monsters nearby!
An orc comes into view. It is wielding a +0 dagger.
The wall freezes the orc priest.
You kill the orc priest!
You have reached level 6!
Your experience leads to an increase in your attributes!
Increase (S)trength, (I)ntelligence, or (D)exterity?
You feel clever.
The wall freezes the orc wizard.
The orc wizard gestures at you while chanting.
The magic dart hits you!
You die...

.....$o.....# #o#
#.# ########## #o#
#....[...# #)#
#........# #.#
#........# #.#
####........# #.#
............# #@#
...#........# #.#
...#####'#### #.#
...#####.# #.#
..<'...#.# #.#
...###.#'#######.#
...# #.........#.#
...###.........#.#
...............#.#


You could see an orc wizard (fast) and an orc.

Vanquished Creatures
  A crimson imp (D:5)
  An orc priest (D:5)
  4 adders
  2 oozes
  An adder skeleton (D:5)
  5 worms
  2 dart slugs
  3 leopard geckos
  7 orcs
  7 giant cockroaches
  7 goblins
  7 hobgoblins
  12 jackals
  10 kobolds
  A quokka (D:4)
  5 bats
  5 frilled lizards
  A quokka zombie (D:5)
  9 rats
90 creatures vanquished.

Notes
Turn   | Place    | Note
-------+----------+-------------------------------------------
     0 | D:1      | MisterFreud the Octopode Ice Elementalist began the quest
                  | for the Orb.
     0 | D:1      | Reached XP level 1. HP: 11/11 MP: 3/3
   264 | D:1      | Reached skill level 1 in Fighting
   443 | D:1      | Reached XP level 2. HP: 15/19 MP: 0/5
   593 | D:1      | You fall into a shaft and drop 1 floor!
   855 | D:3      | Reached XP level 3. HP: 25/25 MP: 6/6
   860 | D:3      | Learned a level 3 spell: Frozen Ramparts
  1475 | D:2      | Reached XP level 4. HP: 12/31 MP: 2/7
  2781 | D:2      | Reached XP level 5. HP: 36/36 MP: 5/9
  3987 | D:4      | Noticed a phantom
  4009 | D:5      | Entered Level 5 of the Dungeon
  4218 | D:5      | Reached skill level 5 in Ice Magic
  4370 | D:5      | Reached XP level 6. HP: 5/42 MP: 5/11
  4371 | D:5      | Killed from afar by an orc wizard

Illustrated notes

Levels and vault maps discovered:
D:1:      minmay_arrival_shattered_statue, layout_basic
D:2:      layout_rooms
D:3:      layout_basic
D:4:      layout_basic, first_ration
D:5:      layout_basic, cheibriados_altar_1, uniq_ijyb

Skill      XL: |  1  2  3  4  5 |
---------------+----------------+-----
Fighting       | 1 2 3 |  3.0
Spellcasting   | 3 |  3.6
Ice Magic      | 5 |  5.2
Dodging        | |  2.0
Stealth        | |  2.6

Action                   |  1- 3 |  4- 6 || total
-------------------------+-------+-------++-------
Melee: Unarmed           |    46 |    87 ||   133
       Constrict         |    15 |    23 ||    38
       Tentacles         |     6 |    15 ||    21
 Cast: Freeze            |    22 |     1 ||    23
       Frozen Ramparts   |     3 |    18 ||    21
  Use: Scroll            |       |     8 ||     8
 Stab: Sleeping          |     5 |    12 ||    17
  Eat: Chunk             |     2 |    10 ||    12
Armor: Skin              |     5 |     9 ||    14
Dodge: Dodged            |    49 |    52 ||   101
